 Dungeon Crawl Stone Soup version 0.30.0 (webtiles) character file.

Game seed: 11756591168196948502

38361 FluffyMeow the Warrior (level 14, -4/106 HPs)
             Began as a Gargoyle Fighter on Sept 27, 2023.
             Was an Elder of Ashenzari.
             Slain by a pharaoh ant (32 damage)
             ... on level 1 of the Spider Nest on Sept 28, 2023.
             The game lasted 01:09:29 (13087 turns).

FluffyMeow the Warrior (Gargoyle Fighter)          Turns: 13087, Time: 01:09:30

Health: -4/106     AC: 22    Str: 31    XL:     14   Next: 1%
Magic:  14/14      EV: 12    Int:  9    God:    Ashenzari [****..]
Gold:   884        SH: 14    Dex:  9    Spells: 13/13 levels left

rFire   + . .        t - +3 morningstar of Panopticon {Bglg, Melee} (curse)
rCold   + . .        H - +0 tower shield of Ashenzari's Asceticism {Comp, Evo} (curse)
rNeg    + . .        e - +0 chain mail "Circumscribed With Me" {Alch, Melee} (curse)
rPois   ∞            (no helmet)
rElec   +            F - scarf of the Shattered Comet {rC+ rF+, Melee, Fort} (curse)
rCorr   .            N - +0 pair of gloves
SInv    +            r - +0 pair of boots of Ashenzari's Lethargy {Fort, Self} (curse)
Will    +....        (no amulet) Stlth
                     h - ring "Share My Frustration" {Str+6, Evo, Alch} (curse)
HPRegen 0.37/turn    y - ring "Unveiling Vexation" {EV+5, Self, Elem} (curse)
MPRegen 0.14/turn

%: clarity
@: flying, slowed, unable to read, very slow
A: sickness immunity, AC +10, big wings, negative energy resistance 1,
electricity resistance, torment resistance 1, petrification resistance, hooves
1, inability to read after injury 1
a: Renounce Religion, Curse Item, Shatter the Chains


You were on level 1 of the Spider Nest.
You worshipped Ashenzari.
Ashenzari was greatly pleased with you.
You visited 4 branches of the dungeon, and saw 14 of its levels.
You also visited: Sewer and Bailey.

You collected 935 gold pieces.
You spent 51 gold pieces at shops.

Inventory:

Hand Weapons
 d - a +2 trident of protection
 t - the cursed +3 morningstar of Panopticon (weapon) {Bglg, Melee}
   (You took it off an orc on level 4 of the Dungeon)

   It has a curse which improves the following skills: Beguiling: Conjurations,
   Hexes and Translocations.
   Melee Combat: Short Blades, Long Blades, Axes, Maces & Flails, Polearms,
   Staves and Unarmed Combat.
 u - a -1 executioner's axe
 D - a +1 flail of protection
Missiles
 v - 70 poisoned darts (quivered)
Armour
 e - the cursed +0 chain mail "Circumscribed With Me" (worn) {Alch, Melee}
   (You found it on level 1 of the Dungeon)

   It has a curse which improves the following skills: Alchemy: Poison Magic and
   Transmutations.
   Melee Combat: Short Blades, Long Blades, Axes, Maces & Flails, Polearms,
   Staves and Unarmed Combat.
 i - the +1 robe of Privacy {rElec Dex+2}
   (You found it on level 9 of the Dungeon)

   Dex:       It affects your dexterity (+2).
   rElec:     It insulates you from electricity.
 r - the cursed +0 pair of boots of Ashenzari's Lethargy (worn) {Fort, Self}
   (You found it on level 3 of the Dungeon)

   It has a curse which improves the following skills: Fortitude: Armour and
   Shields.
   Introspection: Fighting and Spellcasting.
 F - the cursed scarf of the Shattered Comet (worn) {rC+ rF+, Melee, Fort}
   (You found it on level 8 of the Dungeon)

   It has a curse which improves the following skills: Melee Combat: Short
   Blades, Long Blades, Axes, Maces & Flails, Polearms, Staves and Unarmed
   Combat.
   Fortitude: Armour and Shields.
 H - the cursed +0 tower shield of Ashenzari's Asceticism (worn) {Comp, Evo}
   (You found it on level 1 of the Lair of Beasts)

   It has a curse which improves the following skills: Companions: Summonings
   and Necromancy.
   Evocations: Evocations.
 L - the +4 skin of Zhor {*Englaciate rC+++ SInv}
   (You found it on level 2 of the Lair of Beasts)

   *Englaciate: It radiates cold, occasionally slowing all nearby creatures who
   are not resistant to cold.
   rC:        It renders you almost immune to cold.
   SInv:      It lets you see invisible.
 N - a +0 pair of gloves (worn)
Jewellery
 h - the cursed ring "Share My Frustration" (left hand) {Str+6, Evo, Alch}
   (You found it on level 7 of the Dungeon)

   [ring of strength]

   Str:       It affects your strength (+6).
   It has a curse which improves the following skills: Evocations: Evocations.
   Alchemy:   Poison Magic and Transmutations.
 n - a +5 ring of evasion
 s - an amulet of the acrobat
 y - the cursed ring "Unveiling Vexation" (right hand) {EV+5, Self, Elem}
   (You found it on level 4 of the Dungeon)

   [ring of evasion]

   EV:        It affects your evasion (+5).
   It has a curse which improves the following skills: Introspection: Fighting
   and Spellcasting.
   Elements:  Fire Magic, Ice Magic, Air Magic and Earth Magic.
 I - a ring of protection from fire
 M - a +5 ring of evasion
Wands
 c - a wand of flame (6)
 q - a wand of mindburst (12)
 C - a wand of quicksilver (13)
 E - a wand of roots (17)
 J - a wand of paralysis (10)
Scrolls
 b - 2 scrolls of torment
 g - 12 scrolls of identify
 j - 4 scrolls of noise
 k - a scroll of summoning
 l - 6 scrolls of magic mapping
 o - 4 scrolls of fog
 p - 3 scrolls of poison
 w - 4 scrolls of enchant weapon
 x - 5 scrolls of amnesia
 A - 2 scrolls of teleportation
 B - a scroll of blinking
Potions
 f - 4 potions of flight
 m - 5 potions of mutation
 z - 3 potions of brilliance
Miscellaneous
 a - a piece from Xom's chessboard (15/15)
 G - a phantom mirror


   Skills:
 * Level 16.8(19.3) Fighting
 * Level 8.1(14.6) Axes
 * Level 15.3(19.5) Maces & Flails
 - Level 3.2(5.6) Armour
 * Level 5.9(8.6) Shields


You had 13 spell levels left.
You didn't know any spells.
Your spell library contained the following spells:

 Spells                   Type           Power      Damage    Failure   Level
 Shock                    Conj/Air       0%         1d3       99%         1
 Inner Flame              Hex/Fire       0%         N/A       100%        3
 Swiftness                Air            0%         N/A       100%        3
 Airstrike                Air            0%         2d(0-16)  100%        4
 Olgreb's Toxic Radiance  Pois           0%         N/A       100%        4
 Yara's Violent Unravell  Hex/Tmut       0%         3d3       100%        5
 Enfeeble                 Hex            0%         N/A       100%        7
 Discord                  Hex            0%         N/A       100%        8
 Ignition                 Fire           0%         3d3       100%        8


Dungeon Overview and Level Annotations

Branches:
Dungeon (9/15)             Temple (1/1) D:7            Lair (3/5) D:9
 Shoals (0/4) Lair:3       Spider (1/4) Lair:3          Orc (0/2) D:9
  Sewer (visited)          Bailey (visited)

Altars:
Ashenzari
Cheibriados
Dithmenos
Elyvilon
Fedhas
Gozag
Hepliaklqana
Kikubaaqudgha
Makhleb
Nemelex Xobeh
Okawaru
Qazlal
Ru
Sif Muna
Trog
Uskayaw
Vehumet
Wu Jian
Xom
Yredelemnul
Zin
The Shining One

Shops:
D:4 *   D:8 (

Portals:
Ossuary: D:7


Innate Abilities, Weirdness & Mutations

You are immune to sickness and miasma.
Your stone body is resilient. (AC +10)
You are immune to poison.
Your large and strong wings let you fly.
You resist negative energy. (rN+)
You are resistant to electric shocks. (rElec)
You are resistant to unholy torment.
You are immune to petrification.
You have large cloven feet.
You occasionally lose the ability to read scrolls when taking damage.


Message History

The demonic crawler hits you but does no damage.
You puncture the demonic crawler!
The demonic crawler is moderately wounded.
The demonic crawler misses you. The demonic crawler barely misses you.
The demonic crawler hits you but does no damage.
A culicivora comes into view.
You puncture the demonic crawler!
The demonic crawler is moderately wounded.
The demonic crawler closely misses you. The demonic crawler misses you.
You block the demonic crawler's attack.
You puncture the demonic crawler!
The demonic crawler is moderately wounded.
The demonic crawler misses you. The demonic crawler hits you!
The demonic crawler completely misses you.
You block the demonic crawler's attack. x2
The demonic crawler hits you but does no damage.
You sock the demonic crawler!
The demonic crawler is moderately wounded.
The demonic crawler barely misses you.
The demonic crawler hits you but does no damage.
The demonic crawler closely misses you.
You sock the demonic crawler!
The demonic crawler is heavily wounded.
You block the demonic crawler's attack. x2
The demonic crawler hits you but does no damage.
The pharaoh ant closely misses you.
You hit the pharaoh ant but do no damage.
You block the demonic crawler's attack. x3; The pharaoh ant bites you!
You feel threatened and lose the ability to read scrolls!
* * * LOW HITPOINT WARNING * * *
A torpor snail comes into view.
Being near the torpor snail leaves you feeling lethargic.
You puncture the demonic crawler!
The demonic crawler is heavily wounded.
The demonic crawler barely misses you.
You block the demonic crawler's attack. x2
The pharaoh ant barely misses you. The demonic crawler barely misses you.
The demonic crawler hits you but does no damage.
The demonic crawler barely misses you.
You closely miss the pharaoh ant. The pharaoh ant bites you!!
You die...

##...).†.#... *,,*
,** 8#......#....#* *
* * ,,, * *#...#.## ^
.# *#.# *, ,, #...###
*,, ,.##... ,,., , ,
#.....# ,,,
#...###,.w#, *
{#....####,
,,#..##.#...# , ,,
∆#..###..#*
*##......# ,, ,
*#....#..#####.sBs..#
,,, * ,
,###..##.##.#..#@#{##
* , , ,, ,
#..##...#......$## *
,, ,
#.......#...#.###* *
, * *
#.....#...###... , ,
..^.##.###.## ##### ,
* * , ###. ### ### *,
, ,, ##* * , ,, , * *
* * , ,


You could see a torpor snail, a demonic crawler, a culicivora and a pharaoh ant.

Vanquished Creatures
  Gastronok (D:9)
  2 vault guards (Bailey)
  A two-headed ogre (D:8)
  6 death yaks (Lair:2)
  Amaemon (Lair:1)
  A skyshark (Lair:3)
  A pharaoh ant (Spider:1)
  2 harpies (Lair:3)
  A wolf spider (Spider:1)
  A cyclops (D:8)
  4 elephants
  2 black mambas (Lair:1)
  An orange demon (Lair:1)
  3 cane toads
  A demonic crawler (Spider:1)
  An unseen horror (D:8)
  Joseph (Lair:1)
  2 torpor snails (Lair:2)
  4 komodo dragons
  2 ice devils (Lair:3)
  2 rime drakes (Lair:2)
  3 meliai (Spider:1)
  A troll (D:9)
  4 tarantellas (Spider:1)
  A hornet (D:9)
  Grinder (D:5)
  Prince Ribbit (Bailey)
  Sigmund (D:5)
  4 wyverns
  A culicivora (Spider:1)
  Grum (D:8)
  3 humans (Bailey)
  7 yaks
  A wraith (D:8)
  3 basilisks
  9 redbacks
  2 steam dragons (D:8)
  2 wargs (D:9)
  Duvessa (D:5)
  6 water moccasins
  12 orc warriors
  6 ice beasts
  8 ogres
  4 black bears
  9 wolves
  5 centaurs
  13 kobold brigands
  4 gnoll sergeants
  14 bullfrogs
  A scorpion (D:6)
  5 wights (D:8)
  Dowan (D:5)
  5 killer bees (D:8)
  2 electric eels (D:9)
  A crimson imp (D:6)
  3 jellies
  3 hounds
  A gnoll bouda (D:6)
  10 orc priests
  2 sleepcaps
  5 iguanas
  18 orc wizards
  13 gnolls
  3 river rats
  9 adders
  2 white imps
  2 dart slugs
  52 orcs
  7 endoplasms
  7 goblins
  4 hobgoblins
  4 jackals (Sewer)
  7 ball pythons
  6 bats
  3 frilled lizards
  32 kobolds
  15 rats
390 creatures vanquished.

Vanquished Creatures (others)
  An unseen horror (D:8)
  A sky beast (D:8)
  An orc (D:9)
  6 fungi
  16 plants
25 creatures vanquished.

Grand Total: 415 creatures vanquished

Notes
Turn   | Place    | Note
-------+----------+-------------------------------------------
     0 | D:1      | FluffyMeow the Gargoyle Fighter began the quest for the
                  | Orb.
     0 | D:1      | Reached XP level 1. HP: 14/14 MP: 1/1
   100 | D:1      | You fall into a shaft and drop 1 floor!
   103 | D:2      | Found a broken altar of Ashenzari.
   121 | D:2      | Became a worshipper of Ashenzari the Shackled
   268 | D:2      | Reached XP level 2. HP: 20/20 MP: 2/2
   662 | D:1      | Reached XP level 3. HP: 24/24 MP: 3/3
   670 | D:1      | Reached skill level 4 in Fighting
   680 | D:1      | Found a faded altar of an unknown god.
  1128 | D:3      | Reached * piety under Ashenzari
  1145 | D:3      | Found a glowing golden altar of the Shining One.
  1208 | D:3      | Reached XP level 4. HP: 30/30 MP: 4/4
  1265 | D:3      | Found a blossoming altar of Fedhas.
  1299 | D:3      | Found a white marble altar of Elyvilon.
  1351 | D:3      | Found a snail-covered altar of Cheibriados.
  1351 | D:3      | Found an opulent altar of Gozag.
  1351 | D:3      | Found a hazy altar of Hepliaklqana.
  1358 | D:3      | Found a bloodstained altar of Trog.
  1496 | D:3      | Reached XP level 5. HP: 34/34 MP: 5/5
  1712 | D:4      | Reached ** piety under Ashenzari
  1753 | D:4      | Reached skill level 5 in Fighting
  1876 | D:4      | Reached XP level 6. HP: 40/40 MP: 6/6
  1908 | D:4      | Noticed a black bear
  1919 | D:4      | Killed a black bear
  1920 | D:4      | Reached skill level 6 in Fighting
  1946 | D:4      | Reached skill level 5 in Maces & Flails
  1966 | D:4      | Found Sueniuzi's Lightly-Used Armoury.
  1975 | D:4      | Bought a -3 eveningstar for 1 gold piece
  1975 | D:4      | Bought a -1 executioner's axe for 50 gold pieces
  2007 | D:4      | Found a glowing drain.
  2028 | Sewer    | Entered a sewer
  2216 | Sewer    | Reached XP level 7. HP: 44/47 MP: 7/7
  2401 | Sewer    | Reached skill level 7 in Fighting
  3314 | D:5      | Entered Level 5 of the Dungeon
  3328 | D:5      | Reached XP level 8. HP: 47/53 MP: 8/8
  3381 | D:5      | Noticed Duvessa
  3381 | D:5      | Noticed Dowan
  3390 | D:5      | Killed Duvessa
  3395 | D:5      | Reached skill level 8 in Fighting
  3396 | D:5      | Killed Dowan
  3633 | D:5      | Reached *** piety under Ashenzari
  3739 | D:5      | Noticed Sigmund
  3747 | D:5      | Killed Sigmund
  3807 | D:5      | Noticed Grinder
  3809 | D:5      | Paralysed by Grinder for 5 turns
  3820 | D:5      | Killed Grinder
  3821 | D:5      | Reached skill level 9 in Fighting
  3821 | D:5      | Reached XP level 9. HP: 45/63 MP: 9/9
  3900 | D:5      | Found an ornate altar of the Wu Jian Council.
  4259 | D:6      | Found a burning altar of Makhleb.
  4259 | D:6      | Found a shimmering altar of Xom.
  4325 | D:6      | Reached **** piety under Ashenzari
  4410 | D:6      | Reached skill level 10 in Fighting
  4516 | D:6      | Noticed a two-headed ogre
  4712 | D:7      | Found a staircase to the Ecumenical Temple.
  4723 | Temple   | Entered the Ecumenical Temple
  4929 | D:7      | Gained mutation: You occasionally lose the ability to read
                  | scrolls when taking damage. [potion of mutation]
  4929 | D:7      | Gained mutation: Your large and strong wings let you fly.
                  | [potion of mutation]
  4929 | D:7      | Gained mutation: You have large cloven feet. [potion of
                  | mutation]
  4966 | D:7      | Reached skill level 11 in Fighting
  4966 | D:7      | Found a sand-covered staircase.
  5092 | D:7      | Reached skill level 10 in Maces & Flails
  5092 | D:7      | Reached XP level 10. HP: 73/73 MP: 10/10
  5311 | D:8      | Found Sibyt's Weapon Shoppe.
  5599 | D:8      | Found a flagged portal.
  5611 | Bailey   | Entered a bailey
  5707 | Bailey   | Noticed a vault guard
  5717 | Bailey   | Killed a vault guard
  5718 | Bailey   | Reached skill level 12 in Fighting
  5829 | Bailey   | Noticed Prince Ribbit
  5829 | Bailey   | Noticed a vault guard
  5854 | Bailey   | Killed a vault guard
  5855 | Bailey   | Reached skill level 1 in Axes
  5864 | Bailey   | Killed Prince Ribbit
  6281 | D:8      | Reached XP level 11. HP: 73/81 MP: 11/11
  6320 | D:8      | Found a runed translucent door.
  6401 | D:8      | Found a runed translucent door.
  6474 | D:8      | Found the +18 shield of the Gong {Loud rN+ Will+ rCorr
                  | EV-5}
  6480 | D:8      | Noticed a two-headed ogre
  6481 | D:8      | Noticed Grum
  6491 | D:8      | Reached skill level 14 in Fighting
  6491 | D:8      | Reached XP level 12. HP: 88/91 MP: 12/12
  6496 | D:8      | Killed a two-headed ogre
  6514 | D:8      | Killed Grum
  7388 | D:9      | Reached skill level 15 in Fighting
  7555 | D:9      | Noticed Gastronok
  7903 | D:9      | Found a staircase to the Orcish Mines.
  7959 | D:9      | Reached skill level 5 in Axes
  8179 | D:9      | Identified the +1 robe of Privacy {rElec Dex+2}
  8209 | D:9      | Killed Gastronok
  8383 | D:9      | Found a staircase to the Lair.
  8742 | Lair:1   | Entered Level 1 of the Lair of Beasts
  8966 | Lair:1   | Noticed Joseph
  8978 | Lair:1   | Killed Joseph
  9120 | Lair:1   | Reached XP level 13. HP: 97/97 MP: 13/13
  9215 | Lair:1   | Noticed Amaemon
  9243 | Lair:1   | Killed Amaemon
  9929 | Lair:2   | Reached skill level 16 in Fighting
 10237 | Lair:2   | Found the +4 skin of Zhor {*Englaciate rC+++ SInv}
 10925 | Lair:3   | Found a staircase to the Shoals.
 10928 | Lair:3   | Identified the +2 robe "Kemuo" {rF+ Int+2 Dex+3}
 11068 | Lair:3   | Found a frozen archway.
 11361 | Lair:2   | Reached skill level 15 in Maces & Flails
 11587 | Lair:3   | Reached skill level 5 in Shields
 11771 | Lair:3   | Found a hole to the Spider Nest.
 12358 | Spider:1 | Entered Level 1 of the Spider Nest
 12411 | Spider:1 | Identified the cursed scarf of the Shattered Comet {rC+
                  | rF+, Melee, Fort} (You found it on level 8 of the Dungeon)
 12411 | Spider:1 | Identified the cursed +0 pair of boots of Ashenzari's
                  | Lethargy {Fort, Self} (You found it on level 3 of the
                  | Dungeon)
 12411 | Spider:1 | Identified the cursed +0 chain mail "Circumscribed With Me"
                  | {Alch, Melee} (You found it on level 1 of the Dungeon)
 13076 | Spider:1 | Mutation became permanent: Your large and strong wings let
                  | you fly. [Gargoyle growth]
 13076 | Spider:1 | Gained mutation: Your large and strong wings let you fly.
                  | [Gargoyle growth]
 13076 | Spider:1 | Reached XP level 14. HP: 42/106 MP: 14/14
 13087 | Spider:1 | Slain by a pharaoh ant

Illustrated notes

Levels and vault maps discovered:
D:1:      amcnicky_arrival_flooded_fountain, layout_basic,
          hellmonk_ecumenical_altar_arch_garden
D:2:      layout_basic, basic_altar
D:3:      layout_rooms, minitemple, lemuel_crystal_altar
D:4:      layout_basic, portal_sewer_entry_b, minmay_shop_damaged,
          lightli_minifort
D:5:      layout_rooms, pdpol_wu_jian_five_deadly_venoms, uniq_sigmund,
          uniq_duvessa, uniq_grinder
D:6:      layout_loops_ring, grunt_temple_overflow_champion_of_chaos,
          nicolae_shop_distant_corner_stores
D:7:      layout_rooms, minmay_temple_entry_trees, enter_ossuary_1,
          serial_glass, glass_columns_c, glass_columns_a, feat_on_display,
          minmay_strange_pillars, item_on_display_a
D:8:      cheibrodos_histonic, layout_basic, enter_bailey_2, serial_shops, shop,
          minivault_19, uniq_grum
D:9:      layout_basic, erik_lair_orcish_takeover,
          kennysheep_orc_monster_closet_entryway, uniq_gastronok
Temple:   nicolae_temple_slightly_damp_pantheon
Lair:1:   layout_hall_layers, uniq_amaemon, uniq_joseph
Lair:2:   layout_long_grid, hellmonk_guarded_unrand_zhor
Lair:3:   layout_small_grid, nicolae_shoals_entry_roost, spider_nest_entry_webs,
          portal_ice_cave_demonic_guard
Spider:1: gammafunk_boulding_lane, worms_lemuel,
          hangedman_spider_tarantella_strand

Skill      XL: |  1  2  3  4  5  6  7  8  9 10 11 12 13 |
---------------+----------------------------------------+-----
Fighting       | 4 5 6 7 9 11 12 14 15 16 | 16.8
Maces & Flails | 3 4 5 6 8 10 11 13 14 15 | 15.3
Axes           | 2 6 8 |  8.1
Shields        | 5 |  5.9
Armour         | |  3.2

Action                     |  1- 3 |  4- 6 |  7- 9 | 10-12 | 13-15 || total
---------------------------+-------+-------+-------+-------+-------++-------
  Melee: Flail             |    64 |    41 |       |       |       ||   105
         Morningstar       |       |   110 |   278 |   520 |   311 ||  1219
  Throw: Dart              |       |       |     8 |     7 |     1 ||    16
 Invoke: Curse Item        |     2 |     1 |     3 |     2 |     1 ||     9
         Shatter the Chain |       |       |     1 |     1 |       ||     2
    Use: Scroll            |     1 |       |     3 |     2 |       ||     6
         Potion            |       |       |     8 |    14 |     5 ||    27
 Armour: Chain mail        |    48 |    85 |   126 |   193 |   131 ||   583
         Skin              |       |       |       |       |    27 ||    27
  Dodge: Dodged            |    27 |    53 |   159 |   278 |   168 ||   685
  Block: Buckler           |    12 |    27 |    51 |    87 |       ||   177
         Tower shield      |       |       |       |     8 |   245 ||   253
